 Dungeon Crawl Stone Soup version 0.27-a0-1188-g73eefd5def (webtiles) character file.

Game seed: 14664143354413091144

228 bande the Shield-Bearer (level 6, 0/38 HPs)
             Began as a Gargoyle Fighter on May 22, 2021.
             Slain by a hornet zombie (3 damage)
             ... on level 4 of the Dungeon.
             The game lasted 00:07:16 (3442 turns).

bande the Shield-Bearer (Gargoyle Fighter)          Turns: 3442, Time: 00:07:17

Health: 0/38       AC: 14    Str: 21    XL:     6   Next: 2%
Magic:  6/6        EV:  6    Int:  8    God:
Gold:   148        SH:  9    Dex: 10    Spells: 5/5 levels left

rFire    . . .     SeeInvis .   a - +0 war axe
rCold    . . .     Faith    .   c - +0 kite shield
rNeg     + . .     Spirit   .   h - +0 chain mail
rPois    ∞         Reflect  .   (no helmet)
rElec    +         Harm     .   (no cloak)
rCorr    .         Rampage  .   (no gloves)
Will     .....                  m - +0 pair of boots
Stlth    ..........             (no amulet)
HPRegen  0.12/turn              (no ring)
MPRegen  0.10/turn              (no ring)

@: no status effects
A: sickness immunity, AC +4, negative energy resistance 1, electricity
resistance, torment resistance 1, petrification resistance
a: no special abilities


You were on level 4 of the Dungeon.
You visited 1 branch of the dungeon, and saw 4 of its levels.

You collected 158 gold pieces.
You spent 10 gold pieces at shops.

Inventory:

Hand Weapons
 a - a +0 war axe (weapon)
 f - a +0 flail
 k - a +0 flail
Armour
 c - a +0 kite shield (worn)
 h - a +0 chain mail (worn)
 m - a +0 pair of boots (worn)
Jewellery
 e - a ring of protection from fire
 l - a +6 ring of intelligence
Scrolls
 b - a scroll of fear {unknown}
 i - a scroll of amnesia {unknown}
 j - 3 scrolls of identify
 n - 2 scrolls of enchant weapon {unknown}
Potions
 d - 2 potions of might
 g - 2 potions of brilliance


   Skills:
 + Level 4.2 Fighting
 + Level 3.4 Axes
 + Level 3.8 Armour
 + Level 1.4 Dodging
 + Level 4.4 Shields


You had 5 spell levels left.
You didn't know any spells.
Your spell library contained the following spells:

 Spells                   Type           Power      Damage    Failure   Level
 Animate Skeleton         Necr           0%         N/A       100%        1
 Magic Dart               Conj           0%         1d3       100%        1
 Pain                     Necr           0%         1d4       100%        1
 Searing Ray              Conj           0%         3d3       100%        2
 Dazzling Flash           Conj/Hex       0%         N/A       100%        3
 Vampiric Draining        Necr           0%         2d6       100%        3
 Animate Dead             Necr           0%         N/A       100%        4
 Fulminant Prism          Conj/Hex       0%         3d6       100%        4
 Iskenderun's Mystic Bla  Conj/Tloc      0%         2d3       100%        4
 Agony                    Necr           0%         N/A       100%        5


Dungeon Overview and Level Annotations

Branches:
Dungeon (4/15)             Temple (0/1) D:4

Altars:
Nemelex Xobeh

Shops:
D:4 *


Innate Abilities, Weirdness & Mutations

You are immune to sickness and miasma.
Your stone body is resilient. (AC +4)
You are immune to poison.
You resist negative energy. (rN+)
You are resistant to electric shocks. (rElec)
You are resistant to unholy torment.
You are immune to petrification.


Message History

The hornet zombie is almost destroyed.
You block the hornet zombie's attack. x2
You completely miss the hornet zombie.
The hornet zombie is almost destroyed.
The hornet zombie hits you but does no damage.
You block the hornet zombie's attack.
You closely miss the hornet zombie.
The hornet zombie is almost destroyed.
The hornet zombie hits you but does no damage.
You block the hornet zombie's attack.
You hit the hornet zombie but do no damage.
The hornet zombie is almost destroyed.
You block the hornet zombie's attack.
The hornet zombie hits you but does no damage.
You hit the hornet zombie but do no damage.
The hornet zombie is almost destroyed.
The hornet zombie hits you but does no damage.
The hornet zombie barely misses you.
You hit the hornet zombie but do no damage.
The hornet zombie is almost destroyed.
The hornet zombie hits you!
* * * LOW HITPOINT WARNING * * *
The hornet zombie hits you but does no damage.
You hit the hornet zombie.
The hornet zombie is almost destroyed.
The hornet zombie hits you but does no damage.
You block the hornet zombie's attack.
You barely miss the hornet zombie.
The hornet zombie is almost destroyed.
You block the hornet zombie's attack.
The hornet zombie hits you but does no damage.
You hit the hornet zombie but do no damage.
The hornet zombie is almost destroyed.
The hornet zombie hits you.
* * * LOW HITPOINT WARNING * * *
You block the hornet zombie's attack.
You barely miss the hornet zombie.
The hornet zombie is almost destroyed.
The hornet zombie hits you.
You die...

#..'..........+.>.'....#
#..#.......####⌠.⌠####.######
####.......# ####### #......#
#.......#'## ###.### #......#
........#..# #.# #......#
........#..# #.# #......#
........#..# #.# ###..#####
........#..# #Z###....#
....#####..# #@.......# ....#
...# #####....# ....# ...#
#....# ....# ###### #####
..... ...# ...# ..# ...+...#


You could see a hornet zombie.

Vanquished Creatures
  A hound (D:3)
  Terence (D:2)
  Robin (D:3)
  5 adders
  A worm (D:3)
  4 dart slugs
  7 orcs (D:3)
  8 endoplasms
  A giant cockroach (D:1)
  9 hobgoblins
  12 jackals
  8 kobolds
  3 quokkas
  4 ball pythons
  2 bats
  3 frilled lizards
  18 goblins
  4 rats
92 creatures vanquished.

Notes
Turn   | Place    | Note
-------+----------+-------------------------------------------
     0 | D:1      | bande the Gargoyle Fighter began the quest for the Orb.
     0 | D:1      | Reached XP level 1. HP: 14/14 MP: 1/1
   286 | D:1      | Reached XP level 2. HP: 19/19 MP: 2/2
   744 | D:1      | Reached XP level 3. HP: 12/23 MP: 3/3
  1207 | D:1      | Found a faded altar of an unknown god.
  1440 | D:2      | Found a sparkling altar of Nemelex Xobeh.
  1559 | D:2      | Reached XP level 4. HP: 29/29 MP: 4/4
  1739 | D:2      | Noticed Terence
  1754 | D:2      | Killed Terence
  1755 | D:2      | Reached skill level 1 in Dodging
  2167 | D:3      | Reached XP level 5. HP: 33/33 MP: 5/5
  2276 | D:3      | Noticed Robin
  2485 | D:3      | Killed Robin
  3133 | D:3      | Reached XP level 6. HP: 28/38 MP: 6/6
  3328 | D:4      | Found Nal Veacin's General Store.
  3336 | D:4      | Bought a potion of degeneration for 10 gold pieces
  3394 | D:4      | Found a staircase to the Ecumenical Temple.
  3442 | D:4      | Slain by a hornet zombie

Illustrated notes

Levels and vault maps discovered:
D:1:      minmay_arrival_three_doors, layout_loops_ring,
          hellmonk_ecumenical_altar_slurped_away, glass_columns_c
D:2:      layout_basic, basic_altar, uniq_terence
D:3:      layout_basic, minmay_tree_intersection, uniq_robin
D:4:      minmay_opposing_rooms, layout_gridville, temple_doors_e, serial_shops,
          kennysheep_mini_moat, kennysheep_little_box, shop, nicolae_shop_stone,
          shop

Skill      XL: |  1  2  3  4  5 |
---------------+----------------+-----
Shields        | 4 |  4.4
Axes           | 2 3 |  3.4
Dodging        | 1 |  1.4
Fighting       | 4 |  4.2
Armour         | |  3.8

Action                   |  1- 3 |  4- 6 || total
-------------------------+-------+-------++-------
Melee: War axe           |   114 |   173 ||   287
  Use: Scroll            |     1 |       ||     1
Armor: Scale mail        |    70 |       ||    70
       Chain mail        |       |   131 ||   131
Dodge: Dodged            |    28 |    41 ||    69
Block: Kite shield       |    58 |   112 ||   170

Table legend: (Time is in decaauts)
 A = Elapsed time spent in this place.
 B = Non-inter-level travel time spent in this place.
 C = Inter-level travel time spent in this place.
 D = Time resting spent in this place.
 E = Time spent auto-exploring this place.
 F = Levels seen in this place.
 G = Mean time per level.
                   A        B        C        D        E       F      G
               +--------+--------+--------+--------+--------+-----+--------+
         Total |   3612 |   3612 |      0 |    780 |   1974 |   4 |  903.0 |
       Dungeon |   3612 |   3612 |      0 |    780 |   1974 |   4 |  903.0 |
               +--------+--------+--------+--------+--------+-----+--------+

Top non-repeatable levels by time:
     D:1: 1414 daAuts
     D:2: 992 daAuts
     D:3: 962 daAuts
     D:4: 244 daAuts
